Workbook

Sheet PPTO GENERAL
C2: TRANSMILENIO S.A.
C5: SUBGERENCIA DE INFRAESTRUCTURA - DIRECCIÓN DE CONSTRUCCIONES Y MANTENIMIENTO
B9: OBJETO DE LA SOLICITUD | C9: ESTIMAR LOS COSTOS BAJO LA MODALIDAD DE PRECIOS UNITARIOS, LA INTERVENCIÓN Y MODIFICACIÓN DE LA PLATAFORMA DE ALIMENTACIÓN DEL PORTAL 20 DE JULIO PARA LA CORRECTA INTEGRACIÓN CON EL SISTEMA DE CABLE AÉREO TRANSMICABLE SAN CRISTÓBAL
B13: Empresa: | E13: Nit: | J13: Fecha:
B14: Representante legal: | E14: Cargo: | J14: Fecha de caducidad:
B15: E-mail: | E15: Dirección: | J15: Tel - Cel:
B17: INSTRUCCIONES PARA EL DILIGENCIAMIENTO DEL FORMATO PROPUESTA ECONOMICA
B18: • Por favor diligenciar solo las celdas en AMARILLO. • El valor de la cotización debe ser expresado en pesos colombianos. • Los valores deberán aproximarse por exceso o por defecto al entero más cercano así: (i) si es igual o superior a 50 centavos, se aproxima al entero siguiente; (ii) si es inferior a 50 centavos se baja al entero anterior. • Unidad de medida: Mantenga la unidad de medida registrada en el formato, no es modificable ni ajustable. Realice sus cálculos en función de la unidad de medida asignada. • Cantidad estimada: Realice sus cálculos en función de la cantidad. • Costo Unitario (sin IVA): Registre el valor unitario por cada unidad de medida de cada elemento. • IVA (%): Registre el valor en porcentaje del IVA. Ejemplo: 19% • Costo Unitario (con IVA): La celda se encuentra formulada, por lo que no se requiere su diligenciamiento ni modificación. • Costo Total (con IVA): La celda se encuentra formulada, por lo que no se requiere su diligenciamiento ni modificación. • TOTAL: La celda se encuentra formulada, por lo que no se requiere su diligenciamiento ni modificación.
B30: Plazo de ejecución | C30: 5 meses
B32: ACTIVIDADES DE OBRA
B33: ITEM | C33: ACTIVIDAD | D33: DESCRIPCIÓN O COMPLEMENTO | E33: UND | F33: CANTIDAD | G33: V. UNITARIO (Sin IVA) | H33: V. TOTAL | I33: OBSERVACIONES
B34: 1 | C34: Preliminares | F34: =MEMORIA!L43 | H34: =H35+H42+H45+H65 -> 0
B35: 1.1 | C35: Demoliciones | F35: =MEMORIA!L44 | H35: =SUM(H36:H41) -> 0
B36: 1.1.1 | C36: Demolición concreto estructural (Incluye cargue manual). | D36: Demolición de elementos estructurales existentes (Cuarto técnico TMSA, baños consorcio, cuarto técnico RB y taquillas) | E36: M3 | F36: =MEMORIA!L45 -> 36.51181 | H36: =Tabla1[[#This Row],[CANTIDAD]]*Tabla1[[#This Row],[V. UNITARIO (Sin IVA)]] -> 0
B37: 1.1.2 | C37: Demolición de placa (Incluye cargue manual). No incluye transporte y disposición de residuos | D37: Demolición de placas de contrapiso, profundidad 15 cm (Cuarto técnico TMSA, baños consorcio, cuarto técnico RB y taquillas) | E37: M2 | F37: =MEMORIA!L72 -> 129.0952 | H37: =Tabla1[[#This Row],[CANTIDAD]]*Tabla1[[#This Row],[V. UNITARIO (Sin IVA)]] -> 0
B38: 1.1.3 | C38: Corte de pavimento (Incluye cortador de concreto, operario e insumos) | D38: Corte de pavimento para construcción de cimentación | E38: ML | F38: =MEMORIA!L99 -> 157.64 | H38: =Tabla1[[#This Row],[CANTIDAD]]*Tabla1[[#This Row],[V. UNITARIO (Sin IVA)]] -> 0
B39: 1.1.4 | C39: Demolición de loseta A-50 sobre mortero | D39: Demolición o desmonte de loseta toperol o podotáctil 0.4 x 0.4 m | E39: M2 | F39: =MEMORIA!L126 -> 21.6 | H39: =Tabla1[[#This Row],[CANTIDAD]]*Tabla1[[#This Row],[V. UNITARIO (Sin IVA)]] -> 0
B40: 1.1.5 | C40: Demolición manual de sardinel existente (Incluye cargue de residuos). No incluye transporte y disposición final | E40: ML | F40: =MEMORIA!L153 -> 61.65 | H40: =Tabla1[[#This Row],[CANTIDAD]]*Tabla1[[#This Row],[V. UNITARIO (Sin IVA)]] -> 0
B41: 1.1.6 | C41: Demolición de muros en mamposteria de bloque de arcilla E=0.15 m | E41: M2 | F41: =MEMORIA!L179 -> 71.6326 | H41: =Tabla1[[#This Row],[CANTIDAD]]*Tabla1[[#This Row],[V. UNITARIO (Sin IVA)]] -> 0
B42: 1.2 | C42: Excavaciones | H42: =SUM(H43:H44) -> 0
B43: 1.2.1 | C43: Excavaciones para obras con retrocargador (Incluye cargue de residuos) | D43: Excavación para actividades referentes a: cimentación y conexiones. E= 55 cm | E43: M3 | F43: =MEMORIA!L206 -> 31.19666 | H43: =Tabla1[[#This Row],[CANTIDAD]]*Tabla1[[#This Row],[V. UNITARIO (Sin IVA)]] -> 0
B44: 1.2.2 | C44: Transporte y disposición final de escombros en sitio autorizado | E44: M3 | F44: =F36+(F37*0.15)+(F39*0.5)+(F40*0.8*0.22)+(F41*0.15)+F43 -> 119.46804 | H44: =Tabla1[[#This Row],[CANTIDAD]]*Tabla1[[#This Row],[V. UNITARIO (Sin IVA)]] -> 0
B45: 1.3 | C45: Desmontes | H45: =SUM(H46:H64) -> 0
B46: 1.3.1 | C46: Desmonte de luminaria de 70 W | E46: UND | F46: =MEMORIA!L233 -> 15 | H46: =Tabla1[[#This Row],[CANTIDAD]]*Tabla1[[#This Row],[V. UNITARIO (Sin IVA)]] -> 0
B47: 1.3.2 | C47: Desmonte de vidrio templado existente en barandas con limite troncal | D47: Altura de vidrio 50cm | E47: ML | F47: =MEMORIA!L260 -> 87.11 | H47: =Tabla1[[#This Row],[CANTIDAD]]*Tabla1[[#This Row],[V. UNITARIO (Sin IVA)]] -> 0
B48: 1.3.3 | C48: Desmonte de división de vidrio templado con soportes en acero inoxidable | E48: M2 | F48: =MEMORIA!L287 -> 20.44 | H48: =Tabla1[[#This Row],[CANTIDAD]]*Tabla1[[#This Row],[V. UNITARIO (Sin IVA)]] -> 0
B49: 1.3.4 | C49: Desmonte de ventana en vidrio templado | D49: Desmonte de ventanas de taquillas | E49: M2 | F49: =MEMORIA!L314 -> 17.2 | H49: =Tabla1[[#This Row],[CANTIDAD]]*Tabla1[[#This Row],[V. UNITARIO (Sin IVA)]] -> 0
B50: 1.3.5 | C50: Desmonte de puertas | D50: Desmonte de puertas (Cuartos técnicos, taquillas y baños) | E50: UND | F50: 7 | H50: =Tabla1[[#This Row],[CANTIDAD]]*Tabla1[[#This Row],[V. UNITARIO (Sin IVA)]] -> 0
B51: 1.3.6 | C51: Desmonte de persiana o celosia de ventilación | E51: ML | F51: =MEMORIA!L341 -> 35.02 | H51: =Tabla1[[#This Row],[CANTIDAD]]*Tabla1[[#This Row],[V. UNITARIO (Sin IVA)]] -> 0
B52: 1.3.7 | C52: Desmonte de sanitarios | E52: UND | F52: 2 | H52: =Tabla1[[#This Row],[CANTIDAD]]*Tabla1[[#This Row],[V. UNITARIO (Sin IVA)]] -> 0
B53: 1.3.8 | C53: Desmonte de lavamanos | E53: UND | F53: 2 | H53: =Tabla1[[#This Row],[CANTIDAD]]*Tabla1[[#This Row],[V. UNITARIO (Sin IVA)]] -> 0
B54: 1.3.9 | C54: Desmonte de orinal | E54: UND | F54: 1 | H54: =Tabla1[[#This Row],[CANTIDAD]]*Tabla1[[#This Row],[V. UNITARIO (Sin IVA)]] -> 0
B55: 1.3.10 | C55: Desmonte y traslado de equipo de autoservicio (recarga de saldo) | E55: UND | F55: 4 | H55: =Tabla1[[#This Row],[CANTIDAD]]*Tabla1[[#This Row],[V. UNITARIO (Sin IVA)]] -> 0
B56: 1.3.12 | C56: Desmonte de tableros de control de energía | D56: Tableros existentes cuarto técnico TMSA y cuarto Técnico RB | E56: UND | F56: =SUM(MEMORIA!K347:K348)+MEMORIA!K353 -> 3 | H56: =Tabla1[[#This Row],[CANTIDAD]]*Tabla1[[#This Row],[V. UNITARIO (Sin IVA)]] -> 0
B57: 1.3.13 | C57: Desmonte de tablero de control de iluminación | D57: Tableros existentes cuarto técnico TMSA | E57: UND | F57: =MEMORIA!L349 -> 1 | H57: =Tabla1[[#This Row],[CANTIDAD]]*Tabla1[[#This Row],[V. UNITARIO (Sin IVA)]] -> 0
B58: 1.3.14 | C58: Desmonte de cajas (Red de telefonos, y voz y datos) | E58: UND | F58: =SUM(MEMORIA!L350:L351) -> 2 | H58: =Tabla1[[#This Row],[CANTIDAD]]*Tabla1[[#This Row],[V. UNITARIO (Sin IVA)]] -> 0
B59: 1.3.15 | C59: Clausura o retiro de derivación de red de suministro de energía (Red de suministro hacia tableros y de tableros hacia otros elementos). Incluye desmonte de tomacorrientes, switches y otros accesorios. | E59: GLB | F59: 1 | H59: =Tabla1[[#This Row],[CANTIDAD]]*Tabla1[[#This Row],[V. UNITARIO (Sin IVA)]] -> 0
B60: 1.3.16 | C60: Clausura o retiro de derivación de red de voz y datos. Incluye desmonte de accesorios | E60: GLB | F60: 1 | H60: =Tabla1[[#This Row],[CANTIDAD]]*Tabla1[[#This Row],[V. UNITARIO (Sin IVA)]] -> 0
B61: 1.3.17 | C61: Desmonte de rack cuarto TMSA | D61: Reubicación hacia cuartos nuevos | E61: UND | F61: 1 | H61: =Tabla1[[#This Row],[CANTIDAD]]*Tabla1[[#This Row],[V. UNITARIO (Sin IVA)]] -> 0
B62: 1.3.18 | C62: Desconexión de elementos sanitarios a puntos de suministro de agua potable | D62: Desconexión de derivaciones de suministro de agua potable de: 2 sanitarios, 1 orinal y 2 lavamanos. Dejar acometida principal de red de agua potable para utilizarla o ampliarla hacia baños nuevos | E62: GLB | F62: 1 | H62: =Tabla1[[#This Row],[CANTIDAD]]*Tabla1[[#This Row],[V. UNITARIO (Sin IVA)]] -> 0
B63: 1.3.19 | C63: Desconexión de elementos sanitarios a red de aguas negras. Desmonte de tuberia sanitaria (elementos sanitarios) a acometida de red de desague. | D63: Dejar acometida principal de red de aguas negras para utilizarla o ampliarla hacia baños nuevos | E63: GLB | F63: 1 | H63: =Tabla1[[#This Row],[CANTIDAD]]*Tabla1[[#This Row],[V. UNITARIO (Sin IVA)]] -> 0
B64: 1.3.20 | C64: Transporte y disposición final de elementos y/o residuos innutilizables | D64: Elementos desmontados: Puertas, baterias sanitarias y demás | E64: GLB | F64: 1 | H64: =Tabla1[[#This Row],[CANTIDAD]]*Tabla1[[#This Row],[V. UNITARIO (Sin IVA)]] -> 0
B65: 1.4 | C65: Cerramientos y replanteos | H65: =SUM(H66:H70) -> 0
B66: 1.4.1 | C66: Replanteo general | E66: M2 | F66: =MEMORIA!L449 -> 1212.7 | H66: =Tabla1[[#This Row],[CANTIDAD]]*Tabla1[[#This Row],[V. UNITARIO (Sin IVA)]] -> 0
B67: 1.4.2 | C67: Levantamiento de redes | E67: ML | F67: =MEMORIA!L476 -> 110.1 | H67: =Tabla1[[#This Row],[CANTIDAD]]*Tabla1[[#This Row],[V. UNITARIO (Sin IVA)]] -> 0
B68: 1.4.3 | C68: Cerramiento en polisombra verde | E68: M2 | F68: =MEMORIA!L503 -> 566.82 | H68: =Tabla1[[#This Row],[CANTIDAD]]*Tabla1[[#This Row],[V. UNITARIO (Sin IVA)]] -> 0
B69: 1.4.4 | C69: Mampara de protección para actividades de demolición | E69: M2 | F69: =MEMORIA!L530 -> 83.86 | H69: =Tabla1[[#This Row],[CANTIDAD]]*Tabla1[[#This Row],[V. UNITARIO (Sin IVA)]] -> 0
B70: 1.4.5 | C70: Campamento | E70: GLB | F70: 1 | H70: =Tabla1[[#This Row],[CANTIDAD]]*Tabla1[[#This Row],[V. UNITARIO (Sin IVA)]] -> 0
B71: 2 | C71: Cimentación y Estructuras | H71: =H72+H76+H83 -> 0
B72: 2.1 | C72: Bases - Solados | H72: =SUM(H73:H75) -> 0
B73: 2.1.1 | C73: Concreto 2000 PSI grava común (Suministro y colocación) | D73: Suministro de concreto pobre E= 5 cm | E73: M3 | F73: =MEMORIA!L557 -> 2.45326 | H73: =Tabla1[[#This Row],[CANTIDAD]]*Tabla1[[#This Row],[V. UNITARIO (Sin IVA)]] -> 0
B74: 2.1.2 | C74: Relleno en subbase granular B-200 | D74: Espesor de 30 cm | E74: M3 | F74: =MEMORIA!L584 -> 16.66956 | H74: =Tabla1[[#This Row],[CANTIDAD]]*Tabla1[[#This Row],[V. UNITARIO (Sin IVA)]] -> 0
B75: 2.1.3 | C75: Relleno en subbase granular B-400 | D75: Espesor de 15 cm (cuartos nuevos); Espesor 6 cm (bahías) | E75: M3 | F75: =MEMORIA!L611 -> 13.5525 | H75: =Tabla1[[#This Row],[CANTIDAD]]*Tabla1[[#This Row],[V. UNITARIO (Sin IVA)]] -> 0
B76: 2.2 | C76: Andenes | H76: =SUM(H77:H82) -> 0
B77: 2.2.1 | C77: Concreto para andenes, escobeado y fundido en sitio. E= 15 cm (Incluye ampliación de bahía A1 50 cm) | D77: Concreto de 27,57 Mpa (4000 psi) para relleno y nivelación de bahías | E77: M3 | F77: =MEMORIA!L638 -> 33.98678 | H77: =Tabla1[[#This Row],[CANTIDAD]]*Tabla1[[#This Row],[V. UNITARIO (Sin IVA)]] -> 0
B78: 2.2.2 | C78: Sardinel Tipo A10 (Suministro e instalación. Incluye 3 cm de mortero 2000 psi) | E78: ML | F78: =MEMORIA!L665 -> 59.62 | H78: =Tabla1[[#This Row],[CANTIDAD]]*Tabla1[[#This Row],[V. UNITARIO (Sin IVA)]] -> 0
B79: 2.2.3 | C79: Demarcación línea continua - Señalización color amarillo y blanco (ancho 15 cm) | D79: Termoplastica E= 2.3 mm (Suministro e instalación con equipo especializado) | E79: ML | F79: =MEMORIA!L692 -> 119.24 | H79: =Tabla1[[#This Row],[CANTIDAD]]*Tabla1[[#This Row],[V. UNITARIO (Sin IVA)]] -> 0
B80: 2.2.4 | C80: Acero de refuerzo FY= 60000 PSI. Suministro e instalación de acuerdo con lo estipulado en la NSR-10, ASTM A-706, INCONTEC 2289. | D80: Acero de refuerzo para concreto de andenes | E80: KG | F80: 2500 | H80: =Tabla1[[#This Row],[CANTIDAD]]*Tabla1[[#This Row],[V. UNITARIO (Sin IVA)]] -> 0
B81: 2.2.5 | C81: Concreto de relleno área de cuartos existentes. 27,57 Mpa (15 cm) | D81: Debido a la actividad de demolición de placa de cuartos existentes | E81: M3 | F81: =MEMORIA!L719 -> 12.7311 | H81: =Tabla1[[#This Row],[CANTIDAD]]*Tabla1[[#This Row],[V. UNITARIO (Sin IVA)]] -> 0
B82: 2.2.6 | C82: Piso de adoquines de concreto | D82: Para complementar salida de emergencia | E82: M2 | F82: =3*6 -> 18 | H82: =Tabla1[[#This Row],[CANTIDAD]]*Tabla1[[#This Row],[V. UNITARIO (Sin IVA)]] -> 0
B83: 2.3 | C83: Estructura (Cuartos nuevos) | H83: =SUM(H84:H88) -> 0
B84: 2.3.1 | C84: Vigas y placas Aéreas en concreto premezclado de 3000 PSI (21Mpa), grava común (Suministro e instalación) | D84: Viga de 30 x 30 cm: placas de 15 cm | E84: M3 | F84: =MEMORIA!L746 -> 9.84228 | H84: =Tabla1[[#This Row],[CANTIDAD]]*Tabla1[[#This Row],[V. UNITARIO (Sin IVA)]] -> 0
B85: 2.3.2 | C85: Columnas en concreto de 4000 PSI (28 MPa) premezclado y grava común (Suministro e instalación) | D85: Altura columnas 3 m; 30 x 30 cm | E85: M3 | F85: =MEMORIA!L773 -> 3.24 | H85: =Tabla1[[#This Row],[CANTIDAD]]*Tabla1[[#This Row],[V. UNITARIO (Sin IVA)]] -> 0
B86: 2.3.3 | C86: Zapata en concreto premezclado de 4000 PSI (28 Mpa), grava común (Suministro e instlación) | D86: 1 x 1 m | E86: M3 | F86: =MEMORIA!L800 -> 4.592 | H86: =Tabla1[[#This Row],[CANTIDAD]]*Tabla1[[#This Row],[V. UNITARIO (Sin IVA)]] -> 0
B87: 2.3.4 | C87: Vigas de amarre en concreto premezclado de 4000 PSI (28Mpa), grava común | D87: 30 x 30 cm | E87: M3 | F87: =MEMORIA!L827 -> 2.484 | H87: =Tabla1[[#This Row],[CANTIDAD]]*Tabla1[[#This Row],[V. UNITARIO (Sin IVA)]] -> 0
B88: 2.3.5 | C88: Pedestal de 30 x 30 cm de 4000 PSI (28Mpa), grava común | D88: Para empalme con columnas (A=0.1 m) | E88: M3 | F88: =MEMORIA!L854 -> 0.144 | H88: =Tabla1[[#This Row],[CANTIDAD]]*Tabla1[[#This Row],[V. UNITARIO (Sin IVA)]] -> 0
B89: 3 | C89: Mamposteria | H89: =H90 -> 0
B90: 3.1 | C90: Muros (Cuartos nuevos) | H90: =SUM(H91:H95) -> 0
B91: 3.1.1 | C91: Muros en bloque No. 5 (Suministro e instalación) | D91: E= 12 cm; Altura= 2.7 | E91: M2 | F91: =MEMORIA!L882 -> 125.5171 | H91: =Tabla1[[#This Row],[CANTIDAD]]*Tabla1[[#This Row],[V. UNITARIO (Sin IVA)]] -> 0
B92: 3.1.2 | C92: Pañete liso o rustico 1:4 impermeabilizado (doble cara) | E92: M2 | F92: =F91*2 -> 251.0342 | H92: =Tabla1[[#This Row],[CANTIDAD]]*Tabla1[[#This Row],[V. UNITARIO (Sin IVA)]] -> 0
B93: 3.1.3 | C93: Estuco plastico en muros (suministro e instalación) (doble cara) | E93: M2 | F93: =F92 -> 251.0342 | H93: =Tabla1[[#This Row],[CANTIDAD]]*Tabla1[[#This Row],[V. UNITARIO (Sin IVA)]] -> 0
B94: 3.1.4 | C94: Suministro e instalación de rejilla de ventilación (Persiana de ventilación h= 20 cm) | E94: ML | F94: =MEMORIA!L909 -> 20.84 | H94: =Tabla1[[#This Row],[CANTIDAD]]*Tabla1[[#This Row],[V. UNITARIO (Sin IVA)]] -> 0
B95: 3.1.5 | C95: Nicho para reubicación de cajas RCI. Muro en bloque de concreto. Incluye apoyo o cimetación | E95: M2 | F95: =MEMORIA!L936 -> 9.84 | H95: =Tabla1[[#This Row],[CANTIDAD]]*Tabla1[[#This Row],[V. UNITARIO (Sin IVA)]] -> 0
B96: 4 | C96: Cielo raso | F96: =MEMORIA!L92 | H96: =H97 -> 0
B97: 4.1 | C97: Cielo raso (Cuartos nuevos) | H97: =H98 -> 0
B98: 4.1.1 | C98: Cielo raso en drywall de 1/2 (Incluye estructura metalica, estuco y pintura) | E98: M2 | F98: =(4*11.32)+(4.48*1.74) -> 53.0752 | H98: =Tabla1[[#This Row],[CANTIDAD]]*Tabla1[[#This Row],[V. UNITARIO (Sin IVA)]] -> 0
B99: 5 | C99: Enchapes | H99: =H100 -> 0
B100: 5.1 | C100: Enchapes de piso y muros | H100: =SUM(H101:H108) -> 0
B101: 5.1.1 | C101: Mortero de nivelación E= 5 cm | D101: Para nivelación de áreas demolidas y obras nuevas | E101: M2 | F101: =MEMORIA!L963 -> 270.875 | H101: =Tabla1[[#This Row],[CANTIDAD]]*Tabla1[[#This Row],[V. UNITARIO (Sin IVA)]] -> 0
B102: 5.1.2 | C102: Enchape de piso pizarra multicolor de 30 x 60 cm (Suministro e instalación, inlcuye mortero de juntas) | D102: Enchape para cubrir demolición de elementos | E102: M2 | F102: =MEMORIA!L990 -> 224.8098 | H102: =Tabla1[[#This Row],[CANTIDAD]]*Tabla1[[#This Row],[V. UNITARIO (Sin IVA)]] -> 0
B103: 5.1.3 | C103: Enchape en granito para interiores de 33 x 33 cm (Suministro e instalación, mortero de juntas) | D103: Enchape para interiores cuartos nuevos (pisos) | E103: M2 | F103: =MEMORIA!L1017 -> 53.0752 | H103: =Tabla1[[#This Row],[CANTIDAD]]*Tabla1[[#This Row],[V. UNITARIO (Sin IVA)]] -> 0
B104: 5.1.4 | C104: Loseta podotáctil alerta/guía en poliuretano de alta densidad de 40 x 40 cm en color amarillo según NTC 5610 (Suministro e instalación) | D104: Loseta podotáctil para ampliación de sendero peatonal (relleno de bahías) | E104: ML | F104: =MEMORIA!L1044 -> 59.62 | H104: =Tabla1[[#This Row],[CANTIDAD]]*Tabla1[[#This Row],[V. UNITARIO (Sin IVA)]] -> 0
B105: 5.1.5 | C105: Loseta podotáctil guía de 20 x 40 cm (Suministro e instalación) | D105: Loseta para instalación en división de flujos y entrada edifcio de conexión según diseños distribución de BCAs nueva | E105: ML | F105: =MEMORIA!L1071 -> 228 | H105: =Tabla1[[#This Row],[CANTIDAD]]*Tabla1[[#This Row],[V. UNITARIO (Sin IVA)]] -> 0
B106: 5.1.6 | C106: Enchape en porcelanato beige 60 x 60 cm (Suministro e instalación - Incluido todos los elementos) | D106: Enchape para cuartos nuevos (muros baños) | E106: M2 | F106: =MEMORIA!L1098 -> 39.436 | H106: =Tabla1[[#This Row],[CANTIDAD]]*Tabla1[[#This Row],[V. UNITARIO (Sin IVA)]] -> 0
B107: 5.1.7 | C107: Cenefa en gravilla color gris | E107: ML | F107: =MEMORIA!L1125 -> 41.45 | H107: =Tabla1[[#This Row],[CANTIDAD]]*Tabla1[[#This Row],[V. UNITARIO (Sin IVA)]] -> 0
B108: 5.1.8 | C108: Suministro e instalación de Piedra muñeca bogotana pulida (600 x 400 x 60 mm). Incluye mortero 1:4 E= 6 cm | D108: Enchape para fachada frontal cuartos | E108: M2 | F108: =MEMORIA!L1152 -> 20.3711 | H108: =Tabla1[[#This Row],[CANTIDAD]]*Tabla1[[#This Row],[V. UNITARIO (Sin IVA)]] -> 0
B109: 6 | C109: Carpinteria metalica | H109: =H110+H114+H118 -> 0
B110: 6.1 | C110: Puertas | H110: =SUM(H111:H113) -> 0
B111: 6.1.1 | C111: Instalación de puertas en celosia o persiana | D111: Espacio para puertas: H= 2.1m; A= 0.8m | E111: UND | F111: 6 | H111: =Tabla1[[#This Row],[CANTIDAD]]*Tabla1[[#This Row],[V. UNITARIO (Sin IVA)]] -> 0
B112: 6.1.2 | C112: Suministro e instalación de puerta doble hoja para cierre de circuito o pasillo flujo usuarios cable. Incluye instalación de mastiles de soporte | D112: Área de instalación: 9.60 m2 | E112: UND | F112: 1 | H112: =Tabla1[[#This Row],[CANTIDAD]]*Tabla1[[#This Row],[V. UNITARIO (Sin IVA)]] -> 0
B113: 6.1.3 | C113: Suministro e instalación de puerta de emergencias con push antipanico | D113: Área de inatalación: 3,75 M2 | E113: UND | F113: 1 | H113: =Tabla1[[#This Row],[CANTIDAD]]*Tabla1[[#This Row],[V. UNITARIO (Sin IVA)]] -> 0
B114: 6.2 | C114: Ventanas | H114: =SUM(H115:H117) -> 0
B115: 6.2.1 | C115: Suministro e instalación vidrio templado de 10 mm con perforaciones de 1" para interlocución y herrajes en acero inoxidable. Taquillas | E115: M2 | F115: =MEMORIA!L1179 -> 9.6829 | H115: =Tabla1[[#This Row],[CANTIDAD]]*Tabla1[[#This Row],[V. UNITARIO (Sin IVA)]] -> 0
B116: 6.2.2 | C116: Suministro e instalación de meson en acero inoxidable para atención al usuario (taquillas) | D116: Ancho del meson de 30 cm; espesor 3 cm | E116: ML | F116: =MEMORIA!L1206 -> 7.4 | H116: =Tabla1[[#This Row],[CANTIDAD]]*Tabla1[[#This Row],[V. UNITARIO (Sin IVA)]] -> 0
B117: 6.2.3 | C117: Repisa en madera o melaminica | D117: Ancho de la repisa de 45 cm; espesor 2 cm | E117: ML | F117: =F116 -> 7.4 | H117: =Tabla1[[#This Row],[CANTIDAD]]*Tabla1[[#This Row],[V. UNITARIO (Sin IVA)]] -> 0
B118: 6.3 | C118: Divisiones | F118: =MEMORIA!L111 | H118: =SUM(H119:H123) -> 0
B119: 6.3.1 | C119: Suministro e instalación Baranda metálica M81 | D119: Ubicada en el limite con la zona troncal - Seguridad de usuarios. Diseño similar al existente | E119: ML | F119: =MEMORIA!L1233 -> 38.21 | H119: =Tabla1[[#This Row],[CANTIDAD]]*Tabla1[[#This Row],[V. UNITARIO (Sin IVA)]] -> 0
B120: 6.3.2 | C120: Suministro e instalación vidrio templado para cubrir espacios de baranda. Templado y laminado cal. 5mm | D120: Ubicada en el limite con la zona troncal - Seguridad de usuarios. Diseño similar al existente (h= 50cm) | E120: ML | F120: 122.5 | H120: =Tabla1[[#This Row],[CANTIDAD]]*Tabla1[[#This Row],[V. UNITARIO (Sin IVA)]] -> 0
B121: 6.3.3 | C121: Suministro e instalación división de cerramiento metalico (Lamina microperforada o celosia) para división de flujos peatonales | D121: Según diseños de otras estaciones. Se pueden recibir propuestas (h= 3m aprox) | E121: ML | F121: =MEMORIA!L1260 -> 100.03 | H121: =Tabla1[[#This Row],[CANTIDAD]]*Tabla1[[#This Row],[V. UNITARIO (Sin IVA)]] -> 0
B122: 6.3.4 | C122: Suministro e instalación de cerramiento (piso-techo) de 4.13 m de altura. Cerramiento metalico solido sin espacios visibles para protección contra lluvias | E122: ML | F122: =MEMORIA!L1287 -> 7 | H122: =Tabla1[[#This Row],[CANTIDAD]]*Tabla1[[#This Row],[V. UNITARIO (Sin IVA)]] -> 0
...

Sheet MEMORIA
B2: Esquema de obras a realizar | G2: Distribución actual plataforma de alimentación
B20: CAPÍTULO | C20: PRELIMINARES | D20: ITEM | E20: ='PPTO GENERAL'!B36 -> 1.1.1 | F20: DESCRIPCIÓN | G20: LOCALIZACIÓN | H20: DIMENSIONES (M) | K20: UNIDAD | L20: M3
F21: ='PPTO GENERAL'!C36 -> Demolición concreto estructural (Incluye cargue manual). | K21: No. Elementos | L21: Total Unt.
H22: Ancho | I22: Largo | J22: Alto
G23: Cuarto técnico y disponible | H23: 0.25 | I23: 1.97 | J23: 2.82 | K23: 2 | L23: =IF(COUNT(H23:K23),IF(COUNT(H23),H23,1)*IF(COUNT(I23),I23,1)*IF(COUNT(J23),J23,1)*IF(COUNT(K23),K23,1),"") -> 2.7777
G24: Cubierta cuarto técnico y disponible | H24: 8.6 | I24: 1.97 | J24: 0.2 | L24: =IF(COUNT(H24:K24),IF(COUNT(H24),H24,1)*IF(COUNT(I24),I24,1)*IF(COUNT(J24),J24,1)*IF(COUNT(K24),K24,1),"") -> 3.3884
G25: Baños, Cuarto de Aseo, Cuarto Electrico y Almacen RB | H25: 0.2 | I25: =1.21+1.2+0.5 -> 2.91 | J25: 2.82 | L25: =IF(COUNT(H25:K25),IF(COUNT(H25),H25,1)*IF(COUNT(I25),I25,1)*IF(COUNT(J25),J25,1)*IF(COUNT(K25),K25,1),"") -> 1.64124
H26: 0.2 | I26: 0.6 | J26: 2.58 | L26: =IF(COUNT(H26:K26),IF(COUNT(H26),H26,1)*IF(COUNT(I26),I26,1)*IF(COUNT(J26),J26,1)*IF(COUNT(K26),K26,1),"") -> 0.3096
H27: 0.2 | I27: 0.2 | J27: 2.82 | K27: 3 | L27: =IF(COUNT(H27:K27),IF(COUNT(H27),H27,1)*IF(COUNT(I27),I27,1)*IF(COUNT(J27),J27,1)*IF(COUNT(K27),K27,1),"") -> 0.3384
H28: 0.15 | I28: =0.65+1.06+2.9+2.3+1.35+2.9+1.2+2.75 -> 15.11 | J28: 2.82 | L28: =IF(COUNT(H28:K28),IF(COUNT(H28),H28,1)*IF(COUNT(I28),I28,1)*IF(COUNT(J28),J28,1)*IF(COUNT(K28),K28,1),"") -> 6.39153
G29: Puertas | H29: 0.15 | I29: =0.73+0.78+0.74 -> 2.25 | J29: 2.1 | K29: -1 | L29: =IF(COUNT(H29:K29),IF(COUNT(H29),H29,1)*IF(COUNT(I29),I29,1)*IF(COUNT(J29),J29,1)*IF(COUNT(K29),K29,1),"") -> -0.70875
G30: Taquillas | H30: 0.15 | I30: =3.95+3.8+3.8+3.8+1.42 -> 16.77 | J30: 2.82 | L30: =IF(COUNT(H30:K30),IF(COUNT(H30),H30,1)*IF(COUNT(I30),I30,1)*IF(COUNT(J30),J30,1)*IF(COUNT(K30),K30,1),"") -> 7.09371
H31: 0.2 | I31: 1.16 | J31: 2,82 | L31: =IF(COUNT(H31:K31),IF(COUNT(H31),H31,1)*IF(COUNT(I31),I31,1)*IF(COUNT(J31),J31,1)*IF(COUNT(K31),K31,1),"") -> 0.232
H32: 0.2 | I32: 0.2 | J32: 2.82 | K32: 10 | L32: =IF(COUNT(H32:K32),IF(COUNT(H32),H32,1)*IF(COUNT(I32),I32,1)*IF(COUNT(J32),J32,1)*IF(COUNT(K32),K32,1),"") -> 1.128
G33: Puertas | H33: 0.2 | I33: 0.8 | J33: 2.1 | K33: -1 | L33: =IF(COUNT(H33:K33),IF(COUNT(H33),H33,1)*IF(COUNT(I33),I33,1)*IF(COUNT(J33),J33,1)*IF(COUNT(K33),K33,1),"") -> -0.336
G34: Cubierta | H34: 47.96 | J34: 0.2 | L34: =IF(COUNT(H34:K34),IF(COUNT(H34),H34,1)*IF(COUNT(I34),I34,1)*IF(COUNT(J34),J34,1)*IF(COUNT(K34),K34,1),"") -> 9.592
G35: Para intalación de sardinel | H35: 0.3 | I35: 20.58 | J35: 0.27 | L35: =IF(COUNT(H35:K35),IF(COUNT(H35),H35,1)*IF(COUNT(I35),I35,1)*IF(COUNT(J35),J35,1)*IF(COUNT(K35),K35,1),"") -> 1.66698
G36: Para instalación de sardinel | H36: 0.3 | I36: 37 | J36: 0.27 | L36: =IF(COUNT(H36:K36),IF(COUNT(H36),H36,1)*IF(COUNT(I36),I36,1)*IF(COUNT(J36),J36,1)*IF(COUNT(K36),K36,1),"") -> 2.997
L37: =IF(COUNT(H37:K37),IF(COUNT(H37),H37,1)*IF(COUNT(I37),I37,1)*IF(COUNT(J37),J37,1)*IF(COUNT(K37),K37,1),"")
L38: =IF(COUNT(H38:K38),IF(COUNT(H38),H38,1)*IF(COUNT(I38),I38,1)*IF(COUNT(J38),J38,1)*IF(COUNT(K38),K38,1),"")
L39: =IF(COUNT(H39:K39),IF(COUNT(H39),H39,1)*IF(COUNT(I39),I39,1)*IF(COUNT(J39),J39,1)*IF(COUNT(K39),K39,1),"")
L40: =IF(COUNT(H40:K40),IF(COUNT(H40),H40,1)*IF(COUNT(I40),I40,1)*IF(COUNT(J40),J40,1)*IF(COUNT(K40),K40,1),"")
L41: =IF(COUNT(H41:K41),IF(COUNT(H41),H41,1)*IF(COUNT(I41),I41,1)*IF(COUNT(J41),J41,1)*IF(COUNT(K41),K41,1),"")
L42: =IF(COUNT(H42:K42),IF(COUNT(H42),H42,1)*IF(COUNT(I42),I42,1)*IF(COUNT(J42),J42,1)*IF(COUNT(K42),K42,1),"")
L43: =IF(COUNT(H43:K43),IF(COUNT(H43),H43,1)*IF(COUNT(I43),I43,1)*IF(COUNT(J43),J43,1)*IF(COUNT(K43),K43,1),"")
L44: =IF(COUNT(H44:K44),IF(COUNT(H44),H44,1)*IF(COUNT(I44),I44,1)*IF(COUNT(J44),J44,1)*IF(COUNT(K44),K44,1),"")
G45: TOTAL | L45: =SUM(L23:L44) -> 36.51181
B47: CAPÍTULO | C47: PRELIMINARES | D47: ITEM | E47: ='PPTO GENERAL'!B37 -> 1.1.2 | F47: DESCRIPCIÓN | G47: LOCALIZACIÓN | H47: DIMENSIONES | K47: UNIDAD | L47: M2
F48: ='PPTO GENERAL'!C37 -> Demolición de placa (Incluye cargue manual). No incluye transporte y disposición de residuos | K48: No. Elementos | L48: Total Unt.
H49: Ancho | I49: Largo | J49: Alto
G50: Placa de contra piso taquillas | H50: 57.49 | L50: =IF(COUNT(H50:K50),IF(COUNT(H50),H50,1)*IF(COUNT(I50),I50,1)*IF(COUNT(J50),J50,1)*IF(COUNT(K50),K50,1),"") -> 57.49
G51: Placa de contra piso cuartos TMSA | H51: 2.27 | I51: 9.2 | L51: =IF(COUNT(H51:K51),IF(COUNT(H51),H51,1)*IF(COUNT(I51),I51,1)*IF(COUNT(J51),J51,1)*IF(COUNT(K51),K51,1),"") -> 20.884
G52: Placa de contrapiso - Zona para nuevas obras | H52: 41.27 | L52: =IF(COUNT(H52:K52),IF(COUNT(H52),H52,1)*IF(COUNT(I52),I52,1)*IF(COUNT(J52),J52,1)*IF(COUNT(K52),K52,1),"") -> 41.27
G53: Para redes hidraulicas | L53: =IF(COUNT(H53:K53),IF(COUNT(H53),H53,1)*IF(COUNT(I53),I53,1)*IF(COUNT(J53),J53,1)*IF(COUNT(K53),K53,1),"")
G54: Baños CEX | H54: 4.48 | I54: 1.44 | L54: =IF(COUNT(H54:K54),IF(COUNT(H54),H54,1)*IF(COUNT(I54),I54,1)*IF(COUNT(J54),J54,1)*IF(COUNT(K54),K54,1),"") -> 6.4512
G55: Pasillo Cable | H55: 1 | I55: 3 | L55: =IF(COUNT(H55:K55),IF(COUNT(H55),H55,1)*IF(COUNT(I55),I55,1)*IF(COUNT(J55),J55,1)*IF(COUNT(K55),K55,1),"") -> 3
L56: =IF(COUNT(H56:K56),IF(COUNT(H56),H56,1)*IF(COUNT(I56),I56,1)*IF(COUNT(J56),J56,1)*IF(COUNT(K56),K56,1),"")
L57: =IF(COUNT(H57:K57),IF(COUNT(H57),H57,1)*IF(COUNT(I57),I57,1)*IF(COUNT(J57),J57,1)*IF(COUNT(K57),K57,1),"")
L58: =IF(COUNT(H58:K58),IF(COUNT(H58),H58,1)*IF(COUNT(I58),I58,1)*IF(COUNT(J58),J58,1)*IF(COUNT(K58),K58,1),"")
L59: =IF(COUNT(H59:K59),IF(COUNT(H59),H59,1)*IF(COUNT(I59),I59,1)*IF(COUNT(J59),J59,1)*IF(COUNT(K59),K59,1),"")
L60: =IF(COUNT(H60:K60),IF(COUNT(H60),H60,1)*IF(COUNT(I60),I60,1)*IF(COUNT(J60),J60,1)*IF(COUNT(K60),K60,1),"")
L61: =IF(COUNT(H61:K61),IF(COUNT(H61),H61,1)*IF(COUNT(I61),I61,1)*IF(COUNT(J61),J61,1)*IF(COUNT(K61),K61,1),"")
L62: =IF(COUNT(H62:K62),IF(COUNT(H62),H62,1)*IF(COUNT(I62),I62,1)*IF(COUNT(J62),J62,1)*IF(COUNT(K62),K62,1),"")
L63: =IF(COUNT(H63:K63),IF(COUNT(H63),H63,1)*IF(COUNT(I63),I63,1)*IF(COUNT(J63),J63,1)*IF(COUNT(K63),K63,1),"")
L64: =IF(COUNT(H64:K64),IF(COUNT(H64),H64,1)*IF(COUNT(I64),I64,1)*IF(COUNT(J64),J64,1)*IF(COUNT(K64),K64,1),"")
L65: =IF(COUNT(H65:K65),IF(COUNT(H65),H65,1)*IF(COUNT(I65),I65,1)*IF(COUNT(J65),J65,1)*IF(COUNT(K65),K65,1),"")
L66: =IF(COUNT(H66:K66),IF(COUNT(H66),H66,1)*IF(COUNT(I66),I66,1)*IF(COUNT(J66),J66,1)*IF(COUNT(K66),K66,1),"")
L67: =IF(COUNT(H67:K67),IF(COUNT(H67),H67,1)*IF(COUNT(I67),I67,1)*IF(COUNT(J67),J67,1)*IF(COUNT(K67),K67,1),"")
... L71: =IF(COUNT(H71:K71),IF(COUNT(H71),H71,1)*IF(COUNT(I71),I71,1)*IF(COUNT(J71),J71,1)*IF(COUNT(K71),K71,1),"")
G72: TOTAL | L72: =SUM(L50:L71) -> 129.0952
B74: CAPÍTULO | C74: PRELIMINARES | D74: ITEM | E74: ='PPTO GENERAL'!B38 -> 1.1.3 | F74: DESCRIPCIÓN | G74: LOCALIZACIÓN | H74: DIMENSIONES | K74: UNIDAD | L74: ML
F75: ='PPTO GENERAL'!C38 -> Corte de pavimento (Incluye cortador de concreto, operario e insumos) | K75: No. Elementos | L75: Total Unt.
H76: Ancho | I76: Largo | J76: Alto
G77: Bahía A1 | I77: 20.58 | K77: 2 | L77: =IF(COUNT(H77:K77),IF(COUNT(H77),H77,1)*IF(COUNT(I77),I77,1)*IF(COUNT(J77),J77,1)*IF(COUNT(K77),K77,1),"") -> 41.16
G78: Bahía A6 y A7 | I78: 37 | K78: 2 | L78: =IF(COUNT(H78:K78),IF(COUNT(H78),H78,1)*IF(COUNT(I78),I78,1)*IF(COUNT(J78),J78,1)*IF(COUNT(K78),K78,1),"") -> 74
G79: Para cuartos nuevos | I79: 4 | K79: 2 | L79: =IF(COUNT(H79:K79),IF(COUNT(H79),H79,1)*IF(COUNT(I79),I79,1)*IF(COUNT(J79),J79,1)*IF(COUNT(K79),K79,1),"") -> 8
I80: 11.32 | K80: 2 | L80: =IF(COUNT(H80:K80),IF(COUNT(H80),H80,1)*IF(COUNT(I80),I80,1)*IF(COUNT(J80),J80,1)*IF(COUNT(K80),K80,1),"") -> 22.64
G81: Baños CEX | I81: 4.48 | K81: 2 | L81: =IF(COUNT(H81:K81),IF(COUNT(H81),H81,1)*IF(COUNT(I81),I81,1)*IF(COUNT(J81),J81,1)*IF(COUNT(K81),K81,1),"") -> 8.96
I82: 1.44 | K82: 2 | L82: =IF(COUNT(H82:K82),IF(COUNT(H82),H82,1)*IF(COUNT(I82),I82,1)*IF(COUNT(J82),J82,1)*IF(COUNT(K82),K82,1),"") -> 2.88
L83: =IF(COUNT(H83:K83),IF(COUNT(H83),H83,1)*IF(COUNT(I83),I83,1)*IF(COUNT(J83),J83,1)*IF(COUNT(K83),K83,1),"")
L84: =IF(COUNT(H84:K84),IF(COUNT(H84),H84,1)*IF(COUNT(I84),I84,1)*IF(COUNT(J84),J84,1)*IF(COUNT(K84),K84,1),"")
L85: =IF(COUNT(H85:K85),IF(COUNT(H85),H85,1)*IF(COUNT(I85),I85,1)*IF(COUNT(J85),J85,1)*IF(COUNT(K85),K85,1),"")
L86: =IF(COUNT(H86:K86),IF(COUNT(H86),H86,1)*IF(COUNT(I86),I86,1)*IF(COUNT(J86),J86,1)*IF(COUNT(K86),K86,1),"")
L87: =IF(COUNT(H87:K87),IF(COUNT(H87),H87,1)*IF(COUNT(I87),I87,1)*IF(COUNT(J87),J87,1)*IF(COUNT(K87),K87,1),"")
L88: =IF(COUNT(H88:K88),IF(COUNT(H88),H88,1)*IF(COUNT(I88),I88,1)*IF(COUNT(J88),J88,1)*IF(COUNT(K88),K88,1),"")
L89: =IF(COUNT(H89:K89),IF(COUNT(H89),H89,1)*IF(COUNT(I89),I89,1)*IF(COUNT(J89),J89,1)*IF(COUNT(K89),K89,1),"")
L90: =IF(COUNT(H90:K90),IF(COUNT(H90),H90,1)*IF(COUNT(I90),I90,1)*IF(COUNT(J90),J90,1)*IF(COUNT(K90),K90,1),"")
L91: =IF(COUNT(H91:K91),IF(COUNT(H91),H91,1)*IF(COUNT(I91),I91,1)*IF(COUNT(J91),J91,1)*IF(COUNT(K91),K91,1),"")
L92: =IF(COUNT(H92:K92),IF(COUNT(H92),H92,1)*IF(COUNT(I92),I92,1)*IF(COUNT(J92),J92,1)*IF(COUNT(K92),K92,1),"")
L93: =IF(COUNT(H93:K93),IF(COUNT(H93),H93,1)*IF(COUNT(I93),I93,1)*IF(COUNT(J93),J93,1)*IF(COUNT(K93),K93,1),"")
L94: =IF(COUNT(H94:K94),IF(COUNT(H94),H94,1)*IF(COUNT(I94),I94,1)*IF(COUNT(J94),J94,1)*IF(COUNT(K94),K94,1),"")
... L98: =IF(COUNT(H98:K98),IF(COUNT(H98),H98,1)*IF(COUNT(I98),I98,1)*IF(COUNT(J98),J98,1)*IF(COUNT(K98),K98,1),"")
G99: TOTAL | L99: =SUM(L77:L98) -> 157.64
B101: CAPÍTULO | C101: PRELIMINARES | D101: ITEM | E101: ='PPTO GENERAL'!B39 -> 1.1.4 | F101: DESCRIPCIÓN | G101: LOCALIZACIÓN | H101: DIMENSIONES | K101: UNIDAD | L101: M2
F102: ='PPTO GENERAL'!C39 -> Demolición de loseta A-50 sobre mortero | K102: No. Elementos | L102: Total Unt.
H103: Ancho | I103: Largo | J103: Alto
G104: Bahía A1 | H104: 0.4 | I104: 10.58 | L104: =IF(COUNT(H104:K104),IF(COUNT(H104),H104,1)*IF(COUNT(I104),I104,1)*IF(COUNT(J104),J104,1)*IF(COUNT(K104),K104,1),"") -> 4.232
H105: 0.4 | I105: 5 | L105: =IF(COUNT(H105:K105),IF(COUNT(H105),H105,1)*IF(COUNT(I105),I105,1)*IF(COUNT(J105),J105,1)*IF(COUNT(K105),K105,1),"") -> 2
G106: Bahía A6 y A7 | H106: 0.4 | I106: 14.21 | K106: 2 | L106: =IF(COUNT(H106:K106),IF(COUNT(H106),H106,1)*IF(COUNT(I106),I106,1)*IF(COUNT(J106),J106,1)*IF(COUNT(K106),K106,1),"") -> 11.368
H107: 0.4 | I107: 5 | K107: 2 | L107: =IF(COUNT(H107:K107),IF(COUNT(H107),H107,1)*IF(COUNT(I107),I107,1)*IF(COUNT(J107),J107,1)*IF(COUNT(K107),K107,1),"") -> 4
L108: =IF(COUNT(H108:K108),IF(COUNT(H108),H108,1)*IF(COUNT(I108),I108,1)*IF(COUNT(J108),J108,1)*IF(COUNT(K108),K108,1),"")
L109: =IF(COUNT(H109:K109),IF(COUNT(H109),H109,1)*IF(COUNT(I109),I109,1)*IF(COUNT(J109),J109,1)*IF(COUNT(K109),K109,1),"")
L110: =IF(COUNT(H110:K110),IF(COUNT(H110),H110,1)*IF(COUNT(I110),I110,1)*IF(COUNT(J110),J110,1)*IF(COUNT(K110),K110,1),"")
L111: =IF(COUNT(H111:K111),IF(COUNT(H111),H111,1)*IF(COUNT(I111),I111,1)*IF(COUNT(J111),J111,1)*IF(COUNT(K111),K111,1),"")
L112: =IF(COUNT(H112:K112),IF(COUNT(H112),H112,1)*IF(COUNT(I112),I112,1)*IF(COUNT(J112),J112,1)*IF(COUNT(K112),K112,1),"")
L113: =IF(COUNT(H113:K113),IF(COUNT(H113),H113,1)*IF(COUNT(I113),I113,1)*IF(COUNT(J113),J113,1)*IF(COUNT(K113),K113,1),"")
L114: =IF(COUNT(H114:K114),IF(COUNT(H114),H114,1)*IF(COUNT(I114),I114,1)*IF(COUNT(J114),J114,1)*IF(COUNT(K114),K114,1),"")
L115: =IF(COUNT(H115:K115),IF(COUNT(H115),H115,1)*IF(COUNT(I115),I115,1)*IF(COUNT(J115),J115,1)*IF(COUNT(K115),K115,1),"")
L116: =IF(COUNT(H116:K116),IF(COUNT(H116),H116,1)*IF(COUNT(I116),I116,1)*IF(COUNT(J116),J116,1)*IF(COUNT(K116),K116,1),"")
L117: =IF(COUNT(H117:K117),IF(COUNT(H117),H117,1)*IF(COUNT(I117),I117,1)*IF(COUNT(J117),J117,1)*IF(COUNT(K117),K117,1),"")
L118: =IF(COUNT(H118:K118),IF(COUNT(H118),H118,1)*IF(COUNT(I118),I118,1)*IF(COUNT(J118),J118,1)*IF(COUNT(K118),K118,1),"")
L119: =IF(COUNT(H119:K119),IF(COUNT(H119),H119,1)*IF(COUNT(I119),I119,1)*IF(COUNT(J119),J119,1)*IF(COUNT(K119),K119,1),"")
... L125: =IF(COUNT(H125:K125),IF(COUNT(H125),H125,1)*IF(COUNT(I125),I125,1)*IF(COUNT(J125),J125,1)*IF(COUNT(K125),K125,1),"")
G126: TOTAL | L126: =SUM(L104:L125) -> 21.6
B128: CAPÍTULO | C128: PRELIMINARES | D128: ITEM | E128: ='PPTO GENERAL'!B40 -> 1.1.5 | F128: DESCRIPCIÓN | G128: LOCALIZACIÓN | H128: DIMENSIONES | K128: UNIDAD | L128: ML
F129: ='PPTO GENERAL'!C40 -> Demolición manual de sardinel existente (Incluye cargue de residuos). No incluye transporte y disposición final | K129: No. Elementos | L129: Total Unt.
H130: Ancho | I130: Largo | J130: Alto
G131: Bahía A1 | I131: 18.23 | L131: =IF(COUNT(H131:K131),IF(COUNT(H131),H131,1)*IF(COUNT(I131),I131,1)*IF(COUNT(J131),J131,1)*IF(COUNT(K131),K131,1),"") -> 18.23
I132: 5 | L132: =IF(COUNT(H132:K132),IF(COUNT(H132),H132,1)*IF(COUNT(I132),I132,1)*IF(COUNT(J132),J132,1)*IF(COUNT(K132),K132,1),"") -> 5
G133: Bahía A6 y A7 | I133: 14.21 | K133: 2 | L133: =IF(COUNT(H133:K133),IF(COUNT(H133),H133,1)*IF(COUNT(I133),I133,1)*IF(COUNT(J133),J133,1)*IF(COUNT(K133),K133,1),"") -> 28.42
...
